woodfighter, chaotic female sylph Ranger ------- ----- ------ |.....+##### ------ |...| |_MmS+####-(....| # ##+.....### ----...| |(.@x| |......####### # |....| # |......| |.hFE+# ------- # # ---------- ####.....| ###|......-# ------# ####.........| # # ------ #..#..%.|# # # |........|##### --------# # ##-...<....+### # # ----.-----### # # ## ###### % ### ###### # # # ############### ######## ####### ### ##### # --.--- --.-- # -+-.- # ------- # # ##.....| |*..| ###|...| ##.......############# |.%...####%...| #....| |.....| #####%####%######`+...%| |...| |...| |.....-######### |.%%.| |.{.|######....| ------- ------ ----- ----- woodfighter the Reconnoiteress Experience level: 11 Strength: 16 Dexterity: 14 Constitution: 16 Intelligence: 14 Wisdom: 13 Charisma: 8 Health: 0(79) Energy: 62(62) Def: 9 Gold: 0 Moves: 22981 Dungeon seed: 4v0hyzwYJykikzza Game ID: woodfighter_1471895901 Your Inventory: Amulets w - an uncursed amulet of ESP (being worn) Weapons a - a +2 bow (weapon in hand) b - 4 +2 arrows c - 28 +0 arrows (in quiver) Armor f - an uncursed +0 cloak of protection n - an uncursed +0 elven shield (being worn) M - an uncursed +0 pair of gauntlets of dexterity U - a blessed fireproof +3 cloak of magic resistance (being worn) Comestibles l - 3 uncursed tripe rations q - 3 uncursed sprigs of wolfsbane t - 3 cursed food rations Z - an uncursed lizard corpse Rings H - an uncursed ring of shock resistance (on right hand) I - an uncursed ring of free action (on left hand) Wands h - a wand of teleportation (0:2) x - a wand of create monster (0:10) V - a wand of digging (0:3) Tools d - an uncursed towel s - an uncursed bag of holding y - an uncursed skeleton key C - a +0 pick-axe J - an uncursed brass lantern (0:250) K - an uncursed oilskin sack S - an uncursed blindfold T - an uncursed stethoscope Gems r - an uncursed luckstone Contents of the bag of holding: an uncursed amulet of flying an uncursed lizard corpse an uncursed ring of conflict a wand of enlightenment (0:6) Spells and supernatural/magical abilities: Name Level Category Fail Memory W - pray for help -- divine ? -- Your skills at the end: Miscellaneous Skills wands [Basic] Weapon Skills dagger [Basic] bow [Expert] Spellcasting Skills Final Attributes: You were piously aligned. You were cold resistant. You were shock resistant. You were poison resistant. You were magic-protected. You had wounded legs. You saw invisible. You were telepathic. You had automatic searching. You had infravision. You were displaced. You were stealthy. You were protected. You were protected from shape changers. You had free action. You were lucky. You had extra luck. Bad luck did not time out for you. Good luck did not time out for you. You are dead. Vanquished creatures: a master mind flayer 2 titanotheres 3 ghosts 2 giant mimics 2 fire giants 2 ogre kings an ice troll 9 rock trolls a baby long worm 2 water elementals a giant mummy a black naga a winter wolf 4 small mimics a warhorse 2 xans an ettin mummy a quantum mechanic 11 trolls a wood golem 3 freezing spheres 3 shocking spheres a gargoyle a dwarf king 3 tengu an ochre jelly 2 chameleons a leocrotta 4 giants an elf mummy a human mummy a red naga a pit viper a python a cobra a leather golem a Grey-elf 4 soldiers 3 giant beetles 2 cockatrices 8 wolves 4 winter wolf cubs a gremlin 16 leprechauns a spotted jelly 2 lizards a giant spider an iron piercer a horse 2 ice vortices 2 black lights 7 gnome kings 2 orc mummies a dwarf mummy 3 ogres 2 brown puddings 4 rust monsters 4 owlbears a yeti a werewolf 2 dogs 3 dingos 3 housecats a jaguar 3 blue jellies 2 dust vortices 3 ravens 3 plains centaurs 2 gnome mummies 3 snakes 15 apes 3 human zombies a rope golem a Woodland-elf 6 soldier ants 12 fire ants 20 bugbears a baby crocodile 2 wood nymphs 6 Mordor orcs 3 Uruk-hai 3 orc shamans 2 rock moles 6 rock piercers 4 ponies 2 fog clouds 3 yellow lights 4 shriekers 3 violet fungi 24 gnome lords 10 gnomish wizards 4 kobold mummies a black naga hatchling a golden naga hatchling 5 gray oozes 4 elf zombies a ghoul a straw golem 8 giant ants 7 floating eyes 4 kittens 21 dwarves a homunculus 6 kobold lords 5 kobold shamans an iguana 5 hill orcs 6 rothes 2 centipedes 3 giant bats a monkey 10 orc zombies 6 dwarf zombies a wererat 2 werejackals 9 coyotes 7 gas spores 8 hobbits an acid blob 7 large kobolds 4 geckos 26 hobgoblins 10 giant rats 7 cave spiders a brown mold a yellow mold 5 green molds 2 red molds 75 gnomes 12 garter snakes 2 manes 2 gnome zombies 17 jackals 6 foxes 4 kobolds 15 newts 11 goblins 5 sewer rats 8 grid bugs 8 bats 10 lichens 7 kobold zombies 681 creatures vanquished. Voluntary challenges: You were vegetarian. You had followed a strict vegan diet until turn 6684. You had been an atheist until turn 8295. You used a wielded weapon 28 times, starting on turn 481. You did not apply a unicorn horn. You read items or engraved 14 times, starting on turn 8335. You never genocided any monsters. You never polymorphed an object. You never changed form. You completed Sokoban on turn 6544, according to the rules. You used 1 wish, starting on turn 17976. You did not wish for any artifacts. You never split a pudding. You never wrote Elbereth's name. You violated your moral code, losing 1 point of alignment, starting on turn 21914. Dungeon overview: The Dungeons of Doom: levels 1 to 20 Level 1 a fountain a long staircase Level 2 a general store, a fountain, a sink stairs to The Gnomish Mines Level 3 a scroll shop, a fountain Level 4 Level 5 Level 6 Level 7 many fountains Level 8 a fountain stairs to Sokoban Level 9 a potion shop Level 10 some fountains Level 11 a fountain Level 12 (vault) a fountain Level 13 (quest) portal to The Quest Level 14 a fountain Level 15 Level 16 <- You were here an altar to Mercury, a fountain, a sink Level 17 a fountain Level 18 Level 19 a throne Level 20 The Gnomish Mines: levels 3 to 11 Level 3 stairs to The Dungeons of Doom Level 4 Level 5 many shops, a temple to Venus, a magic chest, some fountains Level 6 Level 7 Level 8 Level 9 Level 10 Level 11 a magic chest, a fountain The Quest: Level 1 many trees portal to The Dungeons of Doom Sokoban: levels 4 to 7 Level 4 a magic chest Level 5 Level 6 Level 7 a magic chest stairs to The Dungeons of Doom History has recorded: On T:1 you entered the Dungeons of Doom to retrieve the Amulet of Yendor! On T:88 you reached level 2 of The Dungeons of Doom. On T:418 you advanced to experience level 2. On T:506 you reached level 3 of The Dungeons of Doom. On T:537 you reached level 1 of The Gnomish Mines. On T:699 you advanced to experience level 3. On T:981 you reached level 4 of The Dungeons of Doom. On T:1473 you advanced to experience level 4. On T:1534 you reached level 5 of The Dungeons of Doom. On T:1797 you reached level 6 of The Dungeons of Doom. On T:2122 you advanced to experience level 5. On T:2198 you reached level 7 of The Dungeons of Doom. On T:2895 you reached level 9 of The Dungeons of Doom. On T:2922 you reached level 4 of Sokoban. On T:3075 you advanced to experience level 6. On T:3135 you opened a magic chest. On T:3474 you reached level 3 of Sokoban. On T:4212 you reached level 2 of Sokoban. On T:4806 you advanced to experience level 7. On T:4941 you reached level 1 of Sokoban. On T:6544 you advanced to experience level 8. On T:6544 you entered the Sokoban zoo. On T:6651 you opened a magic chest. On T:7574 you reached level 2 of The Gnomish Mines. On T:7936 you reached level 3 of The Gnomish Mines. On T:8289 you entered the Minetown temple On T:8308 you opened a magic chest. On T:8309 you opened a magic chest. On T:8310 you opened a magic chest. On T:8321 you opened a magic chest. On T:8322 you opened a magic chest. On T:8329 you opened a magic chest. On T:8333 you opened a magic chest. On T:8344 you opened a magic chest. On T:8362 you opened a magic chest. On T:9107 you opened a magic chest. On T:9108 you opened a magic chest. On T:9112 you opened a magic chest. On T:9142 you reached level 4 of The Gnomish Mines. On T:9211 you reached level 5 of The Gnomish Mines. On T:9697 you advanced to experience level 9. On T:9750 you reached level 6 of The Gnomish Mines. On T:10282 you opened a magic chest. On T:10283 you opened a magic chest. On T:10284 you opened a magic chest. On T:10798 you reached level 7 of The Gnomish Mines. On T:11271 you reached level 8 of The Gnomish Mines. On T:11879 you reached level 9 of The Gnomish Mines. On T:11879 you reached the bottom of the Mines. On T:12310 you opened a magic chest. On T:12311 you opened a magic chest. On T:12312 you opened a magic chest. On T:12959 you advanced to experience level 10. On T:13387 you opened a magic chest. On T:13388 you opened a magic chest. On T:13395 you opened a magic chest. On T:13401 you opened a magic chest. On T:13402 you opened a magic chest. On T:13404 you opened a magic chest. On T:13584 you opened a magic chest. On T:13585 you opened a magic chest. On T:13585 you opened a magic chest. On T:14941 you reached level 10 of The Dungeons of Doom. On T:15379 you reached level 11 of The Dungeons of Doom. On T:15839 you reached level 12 of The Dungeons of Doom. On T:16170 you reached level 13 of The Dungeons of Doom. On T:16922 you advanced to experience level 11. On T:17015 you reached level 1 of The Quest. On T:17173 you reached level 14 of The Dungeons of Doom. On T:17706 you reached level 15 of The Dungeons of Doom. On T:17976 you wished for "+3 blessed greased fixed cloak of magic resistance". On T:18330 you opened a magic chest. On T:18330 you opened a magic chest. On T:18332 you opened a magic chest. On T:18333 you opened a magic chest. On T:18367 you opened a magic chest. On T:18640 you opened a magic chest. On T:18645 you opened a magic chest. On T:18651 you opened a magic chest. On T:18652 you opened a magic chest. On T:18656 you opened a magic chest. On T:18657 you opened a magic chest. On T:18664 you opened a magic chest. On T:18664 you opened a magic chest. On T:19468 you reached level 16 of The Dungeons of Doom. On T:19788 you reached level 17 of The Dungeons of Doom. On T:20342 you reached level 18 of The Dungeons of Doom. On T:20866 you reached level 19 of The Dungeons of Doom. On T:21521 you reached level 20 of The Dungeons of Doom. On T:22553 you opened a magic chest. On T:22555 you opened a magic chest. On T:22557 you opened a magic chest. On T:22559 you opened a magic chest. On T:22561 you opened a magic chest. On T:22562 you opened a magic chest. On T:22579 you opened a magic chest. Score breakdown: Gold: 0 ( 0 points) Experience: 11 levels ( 1000 points) Exploration: 20 levels ( 570 points) Discoveries: 28 items ( 1400 points) Variety of kills: 142 monsters ( 2000 points) Major goal: Sokoban/Mines ( 1500 points) Survival: died (score multiplied by 3) Total score: 19410 Latest messages: The xan pricks your left leg! The ettin mummy scratches you! (2x) The invisible stalker claws you! The shocking sphere explodes! You seem unaffected by it. You shoot 4 arrows. The 1st arrow hits the invisible stalker. The 2nd arrow hits the invisible stalker! The 3rd arrow hits the invisible stalker. The 4th arrow hits the invisible stalker! The xan misses. The ettin mummy scratches you! The ettin mummy misses. The invisible stalker claws you! The hobbit wields a dagger! The xan pricks your right leg! You shoot 2 arrows. The 1st arrow hits the invisible stalker! The 2nd arrow hits the invisible stalker. The xan pricks your right leg! The ettin mummy scratches you! (2x) The invisible stalker claws you! You die... The oilskin sack is empty. The oilskin sack is empty. Final status: Goodbye woodfighter the Ranger, killed by an invisible stalker... You died in The Dungeons of Doom on dungeon level 16 with 19410 points, and 0 pieces of gold, after 22981 moves. You were level 11 with a maximum of 79 hit points when you died.